 Dungeon Crawl Stone Soup version 0.31.0-32-g396128a36d (webtiles) character file.

Game seed: 2275874154085068654

812 601d51SH the Trooper (level 7, -7/62 HPs)
             Began as a Hill Orc Fighter on Apr 2, 2024.
             Mangled by an orc warrior
             ... wielding a +0 glaive
              (9 damage)
             ... on level 4 of the Dungeon.
             The game lasted 00:06:50 (4220 turns).

601d51SH the Trooper (Hill Orc Fighter)             Turns: 4220, Time: 00:06:51

Health: -7/62      AC:  8    Str: 21      XL:     7   Next: 93%
Magic:  7/7        EV: 10    Int: 16      God:
Gold:   167        SH:  5    Dex: 13 (16) Spells: 6/6 levels left

rFire   . . .        a - +0 war axe
rCold   . . .        c - +0 buckler
rNeg    . . .        b - +0 scale mail
rPois   .            p - +0 helmet
rElec   .            x - scarf "Syxkuc" {shadows, Int+8 SInv}
rCorr   .            (no gloves)
SInv    +            (no boots)
Will    .....        (no amulet) Stlth
                     m - +6 ring of dexterity
HPRegen 0.30/turn    (no ring)
MPRegen 0.10/turn

%: no passive effects
@: hasted, very quick
A: no striking features
a: no special abilities


You were on level 4 of the Dungeon.
You visited 1 branch of the dungeon, and saw 5 of its levels.

You collected 167 gold pieces.

Inventory:

Hand Weapons
 a - a +0 war axe (weapon)
 A - a +2 dagger of venom
 J - a +1 flail of venom
 K - a +1 long sword of electrocution
Missiles
 n - 4 poisoned darts (quivered)
 G - 3 throwing nets
Armour
 b - a +0 scale mail (worn)
 c - a +0 buckler (worn)
 p - a +0 helmet (worn)
 x - the scarf "Syxkuc" (worn) {shadows, Int+8 SInv}
   (You found it on level 2 of the Dungeon)

   Int+8:     It affects your intelligence (+8).
   SInv:      It lets you see invisible.
 E - a +0 cloak
Jewellery
 m - a +6 ring of dexterity (left hand)
 s - a ring of fire
 v - a ring of wizardry
Talismans
 I - a maw talisman
Wands
 C - a wand of acid (11)
Scrolls
 e - 2 scrolls of teleportation {unknown}
 g - 2 scrolls of enchant weapon {unknown}
 h - a scroll of fog {unknown}
 i - 5 scrolls of identify {unknown}
 j - a scroll of amnesia {unknown}
 q - 2 scrolls of torment {unknown}
 r - 2 scrolls of acquirement {unknown}
 w - a scroll of revelation {unknown}
 y - a scroll of blinking {unknown}
 B - 2 scrolls of noise {unknown}
 D - a scroll of fear {unknown}
 H - a scroll of enchant armour {unknown}
Potions
 d - 2 potions of might
 f - a potion of curing {unknown}
 k - 3 potions of lignification {unknown}
 l - a potion of berserk rage {unknown}
 o - 2 potions of heal wounds {unknown}
 t - a potion of invisibility {unknown}
 u - 2 potions of haste
 z - a potion of enlightenment {unknown}
 F - 2 potions of mutation {unknown}


   Skills:
 + Level 5.9 Fighting
 + Level 5.7 Axes
 + Level 5.3 Armour
 + Level 2.8 Dodging
 + Level 5.2 Shields


You had 6 spell levels left.
You didn't know any spells.
Your spell library contained the following spells:

 Spells                   Type           Power      Damage    Failure   Level
 Summon Small Mammal      Summ           0%         N/A       61%         1
 Call Canine Familiar     Summ           0%         N/A       93%         3
 Sigil of Binding         Hex            0%         N/A       93%         3
 Summon Ice Beast         Ice/Summ       0%         N/A       93%         3
 Cause Fear               Hex            0%         N/A       100%        4
 Dimensional Bullseye     Hex/Tloc       0%         N/A       100%        4
 Summon Blazeheart Golem  Fire/Summ      0%         N/A       100%        4
 Fireball                 Conj/Fire      0%         3d3       100%        5
 Summon Mana Viper        Hex/Summ       0%         N/A       100%        5
 Conjure Ball Lightning   Conj/Air       0%         3x3d6     100%        6
 Monstrous Menagerie      Summ           0%         N/A       100%        7
 Orb of Destruction       Conj           0%         9d5       100%        7
 Spellforged Servitor     Conj/Summ      0%         N/A       100%        7
 Discord                  Hex            0%         N/A       100%        8
 Disjunction              Tloc           0%         N/A       100%        8
 Dragon's Call            Summ           0%         N/A       100%        9


Dungeon Overview and Level Annotations

Branches:
Dungeon (5/15)
 Temple: D:4-7

Altars:
Elyvilon
Qazlal


Message History

You hear a shout!
The orc priest hits you but does no damage.
You hear a shout!
The orc priest shouts, "Surrender to Beogh and we'll let you live!"
You hit the orc priest.
The orc priest is moderately wounded.
You block the orc priest's attack.
The orc priest hits you but does no damage.
You slash the orc priest!
The orc priest is almost dead.
The orc priest mumbles some strange prayers to Beogh against you.
Pain shoots through your body!
An orc warrior comes into view. It is wielding a +0 glaive.
You slash the orc priest!
You kill the orc priest!
An orc comes into view. It is wielding a +0 short sword.
The orc warrior unwields a +0 glaive.
The orc warrior wields a +0 orcbow.
The orc warrior shoots an arrow.
The arrow hits you!
* * * LOW HITPOINT WARNING * * *
2 orcs come into view.
The orc shouts!
Items here: ))) [ †.
The orc barely misses you.
The orc warrior shoots an arrow.
The arrow closely misses you.
The orc warrior shoots an arrow.
The arrow hits you but does no damage.
You slash the orc!
You kill the orc!
The orc barely misses you.
There is a stone staircase leading up here.
Things that are here:
a +0 short sword; an orc corpse The orc warrior unwields a +0 orcbow.
The orc warrior wields a +0 glaive.
The orc warrior hits you with a +0 glaive!
* * * LOW HITPOINT WARNING * * *
The orc barely misses you.
You climb upwards.
There is a stone staircase leading down here.
It was a potion of haste.
You feel yourself speed up.
The orc warrior hits you with a +0 glaive!
You die...

#._.#.....#................# #.#
#...#.###.#................# #.#
#####.#...#.#..............# #.#
...#....###.......[........# #.#
...###....#..#........#.######.#
...#...#.#####.######.#......#.#
####.###.#...#............#.##.#
...#.....#._.#..o##.......#.##.#
...'#####....#.o@...#..÷..#.##.#
.......#######....###.....#.##.#
..................# #.....#....#
..................#######.#######
....................# #........
.........#..........# #########
###..#...#..........# #
##.....#..........# #
#.....#...##.....# #


You could see an orc warrior and an orc.

Vanquished Creatures
  Sigmund (D:3)
  A scorpion (D:4)
  2 quasits (D:4)
  2 orc priests (D:5)
  2 hounds
  2 jellies (D:4)
  An iguana (D:4)
  2 orc wizards (D:5)
  10 gnolls (D:3)
  5 adders
  2 shadow imps (D:4)
  2 white imps
  3 ufetubi (D:4)
  A dart slug (D:2)
  A ribbon worm (D:2)
  12 orcs
  8 bats
  7 endoplasms
  A giant cockroach (D:1)
  2 goblins (D:3)
  8 hobgoblins
  5 kobolds
  A quokka (D:3)
  4 ball pythons
  A frilled lizard (D:2)
  8 rats
94 creatures vanquished.

Notes
Turn   | Place    | Note
-------+----------+-------------------------------------------
     0 | D:1      | 601d51SH the Hill Orc Fighter began the quest for the Orb.
     0 | D:1      | Reached XP level 1. HP: 19/19 MP: 1/1
   584 | D:2      | Reached XP level 2. HP: 24/27 MP: 2/2
   636 | D:2      | You fall into a shaft and drop 1 floor!
   852 | D:2      | Reached XP level 3. HP: 26/33 MP: 3/3
  1020 | D:2      | Identified the scarf "Syxkuc" {shadows, Int+8 SInv}
  1101 | D:2      | Found a faded altar of an unknown god.
  1490 | D:3      | Noticed Sigmund
  1501 | D:3      | Reached XP level 4. HP: 24/40 MP: 4/4
  1501 | D:3      | Killed Sigmund
  1502 | D:3      | Reached skill level 1 in Dodging
  1502 | D:3      | Reached XP level 5. HP: 28/47 MP: 5/5
  1502 | D:3      | Reached XP level 6. HP: 33/55 MP: 6/6
  1808 | D:3      | Reached skill level 5 in Fighting
  2323 | D:4      | Reached XP level 7. HP: 59/61 MP: 7/7
  2339 | D:4      | Reached skill level 5 in Axes
  2631 | D:4      | Reached skill level 5 in Armour
  2704 | D:4      | Reached skill level 5 in Shields
  3159 | D:4      | Found a stormy altar of Qazlal.
  3168 | D:4      | Found a white marble altar of Elyvilon.
  4150 | D:5      | Entered Level 5 of the Dungeon
  4218 | D:5      | HP: 1/62 [orc warrior/+0 glaive (14)]
  4220 | D:4      | Mangled by an orc warrior

Illustrated notes

Levels and vault maps discovered:
D:1:      scummos_arrival_simple_fountains, layout_basic
D:2:      layout_loops_cross, chequers_ecumenical_altar_simple,
          hangedman_decor_growths, st_stairs_7
D:3:      layout_rooms, minmay_goblin_outpost, uniq_sigmund
D:4:      layout_basic, mainiacjoe_overflow_swirl, serial_demonic,
          serial_demonic_d, serial_demonic_b, serial_demonic_d, serial_demonic_f
D:5:      layout_basic, nzn_wu_jian_council_hall,
          nicolae_overflow_two_pavilions, lexackson_kobold_supper

Skill      XL: |  1  2  3  4  5  6  7 |
---------------+----------------------+-----
Axes           | 3 4 5 |  5.7
Fighting       | 4 5 |  5.9
Armour         | 4 5 |  5.3
Dodging        | 1 2 |  2.8
Shields        | 4 5 |  5.2

Action                     |  1- 3 |  4- 6 |  7- 9 || total
---------------------------+-------+-------+-------++-------
  Melee: War axe           |   107 |    81 |   103 ||   291
  Throw: Dart              |     1 |       |       ||     1
    Use: Potion            |       |       |     1 ||     1
 Armour: Scale mail        |    78 |    75 |   123 ||   276
  Dodge: Dodged            |    46 |    58 |    81 ||   185
  Block: Buckler           |    35 |    26 |    43 ||   104
